 Dungeon Crawl Stone Soup version 0.31-a0-925-g0a390f2509 (webtiles) character file.

Game seed: 18392944857106523945

43980 Getoffmy the Severer (level 13, -14/125 HPs)
             Began as a Minotaur Fighter on Oct 18, 2023.
             Was the Champion of Uskayaw.
             Killed from afar by a smoke demon (19 damage)
             ... with a ball of steam
             ... on level 3 of the Abyss.
             The game lasted 00:30:13 (15143 turns).

Getoffmy the Severer (Minotaur Fighter)            Turns: 15143, Time: 00:30:13

Health: -14/125    AC: 21    Str: 31    XL:     13   Next: 93%
Magic:  21/21      EV:  7    Int:  5    God:    Uskayaw [******]
Gold:   365        SH:  0    Dex: 11    Spells: 12/12 levels left

rFire   . . .        a - +2 war axe (protect)
rCold   . . .        c - +0 buckler
rNeg    . . .        K - +1 plate armour
rPois   .            (helmet restricted)
rElec   .            D - scarf {harm}
rCorr   .            i - +0 pair of gloves
SInv    .            (no boots)
Will    +....        f - amulet of faith Stlth
                     R - +4 ring of slaying
HPRegen 0.40/turn    W - +6 ring of strength
MPRegen 0.17/turn

%: harm (+30% outgoing, +20% incoming), faith
@: confused, ambrosia-drunk, under a protective aura, enlightened, flying
A: horns 2, retaliatory headbutt
a: Renounce Religion, Stomp, Line Pass, Grand Finale


You were on level 3 of the Abyss.
You worshipped Uskayaw.
Uskayaw was pleased with you.
You visited 3 branches of the dungeon, and saw 15 of its levels.
You visited the Abyss 1 time.
You also visited: Sewer.

You collected 855 gold pieces.
You spent 490 gold pieces at shops.

Inventory:

Hand Weapons
 a - a +2 war axe of protection (weapon)
 u - a +0 shortbow of freezing
Missiles
 p - 122 stones
 q - 6 atropa-tipped darts
 r - 15 poisoned darts
 t - 8 boomerangs
 A - 5 javelins
 N - 14 darts of dispersal
 O - 4 datura-tipped darts
Armour
 c - a +0 buckler (worn)
 i - a +0 pair of gloves (worn)
 D - a scarf of harm (worn)
 K - a +1 plate armour (worn)
Jewellery
 b - a ring of ice
 f - an amulet of faith (around neck)
 h - a +4 ring of protection
 n - a ring of positive energy
 y - a ring of flight
 z - a ring of poison resistance
 C - a ring of resist corrosion
 E - a ring of willpower
 G - a +5 ring of evasion
 R - a +4 ring of slaying (left hand)
 U - a ring of see invisible
 W - a +6 ring of strength (right hand)
 Z - a +6 ring of strength
Talismans
 X - a maw talisman
Wands
 w - a wand of charming (32)
 H - a wand of mindburst (9)
 I - a wand of light (13)
 P - a wand of flame (22)
 Q - a wand of polymorph (2)
 T - a wand of roots (20)
Scrolls
 d - a scroll of poison
 e - 3 scrolls of noise
 g - 4 scrolls of fog
 o - 11 scrolls of identify
 v - 3 scrolls of immolation
 B - 3 scrolls of blinking
 F - a scroll of fear
Potions
 j - 6 potions of curing
 k - 3 potions of cancellation
 l - 2 potions of brilliance
 m - a potion of attraction
 s - 4 potions of mutation
 x - 10 potions of ambrosia
 M - a potion of enlightenment
 S - 2 potions of lignification
 V - 2 potions of haste {unknown}


   Skills:
 + Level 14.8 Fighting
 * Level 19.9 Axes
 + Level 5.4 Armour
 + Level 5.3 Shields
 - Level 12.0 Invocations


You had 12 spell levels left.
You didn't know any spells.
Your spell library contained the following spells:

 Spells                   Type           Power      Damage    Failure   Level
 Apportation              Tloc           0%         N/A       99%         1
 Necrotise                Necr           0%         1d4       99%         1
 Sandblast                Erth           0%         2d4       99%         1
 Summon Small Mammal      Summ           0%         N/A       99%         1
 Blink                    Tloc           0%         N/A       100%        2
 Passwall                 Tmut/Erth      0%         N/A       100%        2
 Poisonous Vapours        Pois/Air       0%         N/A       100%        2
 Scorch                   Fire           0%         2d5       100%        2
 Static Discharge         Conj/Air       0%         2-2/arc   100%        2
 Sublimation of Blood     Necr           0%         N/A       100%        2
 Wereblood                Tmut           0%         N/A       100%        2
 Mephitic Cloud           Conj/Pois/Air  0%         N/A       100%        3
 Stone Arrow              Conj/Erth      0%         3d7       100%        3
 Summon Guardian Golem    Hex/Summ       0%         N/A       100%        3
 Vampiric Draining        Necr           0%         2d6       100%        3
 Airstrike                Air            0%         2d(0-16)  100%        4
 Brom's Barrelling Bould  Conj/Erth      0%         2d3       100%        4
 Flame Wave               Conj/Fire      0%         2d4       100%        4
 Leda's Liquefaction      Hex/Erth       0%         N/A       100%        4
 Manifold Assault         Tloc           0%         N/A       100%        4
 Summon Lightning Spire   Summ/Air       0%         N/A       100%        4
 Vhi's Electric Charge    Tloc/Air       0%         N/A       100%        4
 Agony                    Necr           0%         N/A       100%        5
 Arcjolt                  Conj/Air       0%         1d10      100%        5
 Freezing Cloud           Conj/Ice/Air   0%         6-21      100%        5
 Irradiate                Conj/Tmut      0%         3d11      100%        5
 Lee's Rapid Deconstruct  Erth           0%         3d4*      100%        5
 Bombard                  Conj/Erth      0%         9d1       100%        6
 Plasma Beam              Fire/Air       0%         2x1d10    100%        6
 Summon Cactus Giant      Summ           0%         N/A       100%        6
 Orb of Destruction       Conj           0%         9d5       100%        7
 Spellforged Servitor     Conj/Summ      0%         N/A       100%        7
 Summon Hydra             Summ           0%         N/A       100%        7


Dungeon Overview and Level Annotations

Branches:
Dungeon (9/15)             Temple (1/1) D:5            Lair (5/5) D:9
  Swamp (0/4) Lair:3        Snake (0/4) Lair:2        Sewer (visited)
  Slime: Lair:4-5       Orc: D:9-12

Altars:
Ashenzari
Cheibriados
Dithmenos
Elyvilon
Fedhas
Gozag
Hepliaklqana
Kikubaaqudgha
Makhleb
Nemelex Xobeh
Okawaru
Qazlal
Ru
Sif Muna
Trog
Uskayaw
Vehumet
Wu Jian
Xom
Yredelemnul
Zin
The Shining One

Shops:
D:4 :   D:5 (   D:8 !


Innate Abilities, Weirdness & Mutations

You have a pair of horns on your head.
You reflexively headbutt those who attack you in melee.


Message History

The thrashing horror barely misses you. You furiously retaliate!
You headbutt the thrashing horror! The thrashing horror tramples you.
You hold your ground!
You are covered in liquid flames!
* * * LOW HITPOINT WARNING * * *
You are no longer on fire.
The thrashing horror tramples you but does no damage. x2
A ynoxinul comes into view.
The smoke demon completely misses you.
The smoke demon hits you but does no damage. x2
You slash the smoke demon! Your headbutt misses the smoke demon.
The smoke demon is moderately wounded.
You closely miss the thrashing horror.
The thrashing horror tramples you but does no damage.
The thrashing horror closely misses you.
Unknown command.
It was a potion of enlightenment.
You feel very buoyant.
You fly up into the air.
The thrashing horror tramples you.
* * * LOW HITPOINT WARNING * * *
You hold your ground!
The thrashing horror tramples you but does no damage.
The smoke demon gestures at you. Something smites you!
* * * LOW HITPOINT WARNING * * *
You slash the smoke demon!
The smoke demon is heavily wounded.
You slash the thrashing horror!
You destroy the thrashing horror!
You hit the large abomination. You block the smoke demon's attack.
The smoke demon hits you but does no damage. x2
The large abomination hits you!!
* * * LOW HITPOINT WARNING * * *
You hear a chilling moan.
Uskayaw links your audience in an emotional bond!
You are confused.
You feel invigorated. The smoke demon gestures at you.
The ball of steam hits you!!
You die...

.. . #. #. ..
...#.# #.....#
##### ...#.3. #
..### #......##
#.... ...#.X@###
#.## #..3..##. ..#
......####... # .
.......## #... .
...§# .....
#......#
##..##..#.#...†.#..
#....####....## #
.#.. .. ###.. # #.
# #...#


You could see a large abomination (pain bonded), a smoke demon (pain bonded) and
a ynoxinul (pain bonded).

Vanquished Creatures
  Rupert (Lair:3)
  A starcursed mass (Abyss:3)
  An ice dragon (Lair:4)
  2 hydras (Lair:5)
  Erolcha (D:9)
  A catoblepas (Lair:4)
  2 boulder beetles
  A two-headed ogre (D:9)
  A death yak (Lair:4)
  A thrashing horror (Abyss:3)
  Amaemon (D:8)
  A wretched star (Abyss:3)
  2 bog bodies (Lair:3)
  The ghost of lunkers the Martial Artist, a novice MeSh (D:5)
  A worldbinder (Abyss:3)
  A large abomination (Abyss:3)
  4 elephants
  5 black mambas
  Joseph (D:9)
  An orange demon (D:8)
  Jeremiah (D:8)
  5 cane toads
  3 rime drakes
  7 komodo dragons
  A hellion (Abyss:3)
  A kobold demonologist (D:9)
  An ancient zyme (Abyss:3)
  2 ice devils (Lair:4)
  2 trolls
  A queen bee (Lair:2)
  6 polar bears
  20 blink frogs
  5 dream sheep (Lair:3)
  56 yaks
  A shadow (D:9)
  A wraith (Abyss:3)
  4 basilisks
  A neqoxec (Abyss:3)
  A fire elemental (Lair:4)
  3 wyverns
  2 steam dragons
  2 small abominations (Abyss:3)
  A death yak simulacrum (Lair:4)
  2 nagas (Lair:2)
  A harpy simulacrum (Lair:4)
  An acid dragon (D:9)
  8 water moccasins
  4 black bears
  An ice beast (D:7)
  4 orc warriors
  2 ogres (D:6)
  7 wolves
  3 centaurs
  10 bullfrogs
  2 kobold brigands
  A two-headed ogre simulacrum (Lair:4)
  3 scorpions (D:6)
  A wight (D:6)
  31 killer bees
  4 howler monkeys
  5 electric eels
  11 hounds
  2 gnoll boudas
  5 jellies
  5 orc priests
  Ijyb (D:3)
  5 iguanas
  11 orc wizards
  A troll simulacrum (Lair:4)
  2 spriggan simulacra (Lair:4)
  14 adders
  3 gnolls (D:5)
  2 shadow imps
  2 white imps
  9 ufetubi
  A worm (D:2)
  35 orcs
  12 endoplasms
  15 giant cockroaches
  7 goblins
  2 hobgoblins
  3 jackals (D:2)
  11 kobolds
  17 quokkas
  9 ball pythons
  2 bats
  6 frilled lizards
  8 rats
448 creatures vanquished.

Vanquished Creatures (others)
  A kobold (D:9)
1 creature vanquished.

Grand Total: 449 creatures vanquished

Notes
Turn   | Place    | Note
-------+----------+-------------------------------------------
     0 | D:1      | Getoffmy the Minotaur Fighter began the quest for the Orb.
     0 | D:1      | Reached XP level 1. HP: 19/19 MP: 0/0
   502 | D:1      | Reached XP level 2. HP: 27/27 MP: 1/1
   828 | D:2      | Reached skill level 3 in Axes
   902 | D:2      | Found a hide-covered altar of Uskayaw.
   952 | D:2      | Reached XP level 3. HP: 33/33 MP: 2/2
  1308 | D:2      | Became a worshipper of Uskayaw the Reveller
  1446 | D:3      | Reached * piety under Uskayaw
  1457 | D:3      | Reached ** piety under Uskayaw
  1667 | D:3      | Found a faded altar of an unknown god.
  1827 | D:3      | Noticed Ijyb
  1853 | D:3      | Killed Ijyb
  1854 | D:3      | Reached skill level 4 in Axes
  1854 | D:3      | Reached XP level 4. HP: 39/40 MP: 3/3
  1859 | D:3      | Found a basalt altar of Yredelemnul.
  1860 | D:3      | Found a radiant altar of Vehumet.
  1861 | D:3      | Found a shimmering blue altar of Sif Muna.
  1874 | D:3      | Found a sparkling altar of Nemelex Xobeh.
  2022 | D:4      | Reached skill level 1 in Invocations
  2022 | D:4      | Found Qufabboca's Book Shop.
  2075 | D:4      | Reached XP level 5. HP: 41/47 MP: 3/5
  2185 | D:4      | Found a glowing drain.
  2194 | Sewer    | Entered a sewer
  2201 | Sewer    | Reached skill level 5 in Axes
  2306 | Sewer    | Reached *** piety under Uskayaw
  2347 | Sewer    | Reached skill level 5 in Fighting
  2426 | Sewer    | Reached XP level 6. HP: 56/56 MP: 6/6
  2513 | Sewer    | Reached **** piety under Uskayaw
  2515 | Sewer    | Reached skill level 6 in Axes
  2888 | D:4      | Found a hazy altar of Hepliaklqana.
  3148 | D:5      | Entered Level 5 of the Dungeon
  3160 | D:5      | Reached XP level 7. HP: 48/61 MP: 8/8
  3231 | D:5      | Reached ***** piety under Uskayaw
  3236 | D:5      | Reached ****** piety under Uskayaw
  3237 | D:5      | Reached skill level 7 in Axes
  3410 | D:5      | Found Fethron's Weapon Emporium.
  3958 | D:5      | Found a runed translucent door.
  3958 | D:5      | Noticed lunkers's ghost (novice MeSh)
  3976 | D:5      | Killed lunkers's ghost
  3977 | D:5      | Reached skill level 8 in Axes
  3977 | D:5      | Reached XP level 8. HP: 63/71 MP: 8/10
  4141 | D:5      | Found a staircase to the Ecumenical Temple.
  4478 | Temple   | Entered the Ecumenical Temple
  4553 | D:6      | Reached skill level 9 in Axes
  4798 | D:6      | Reached skill level 5 in Invocations
  5130 | D:6      | Noticed a troll
  5133 | D:6      | Killed a troll
  5134 | D:6      | Reached skill level 10 in Axes
  5134 | D:6      | Reached XP level 9. HP: 78/81 MP: 10/12
  5596 | D:7      | Reached skill level 11 in Axes
  5997 | D:7      | Reached skill level 12 in Axes
  6447 | D:8      | Found Taekuch's Distillery.
  6459 | D:8      | Bought 2 potions of degeneration for 28 gold pieces
  6459 | D:8      | Bought a potion of berserk rage for 70 gold pieces
  6459 | D:8      | Bought a potion of mutation for 112 gold pieces
  6459 | D:8      | Bought a potion of curing for 42 gold pieces
  6459 | D:8      | Bought a potion of ambrosia for 112 gold pieces
  6459 | D:8      | Bought a potion of lignification for 42 gold pieces
  6472 | D:8      | Noticed Amaemon
  6506 | D:8      | Noticed an orange demon
  6716 | D:8      | Killed Amaemon
  6717 | D:8      | Reached XP level 10. HP: 85/91 MP: 14/14
  6718 | D:8      | Killed an orange demon
  6757 | D:8      | Noticed Jeremiah
  6776 | D:8      | Killed Jeremiah
  7194 | D:8      | Found a snail-covered altar of Cheibriados.
  7410 | D:8      | Reached skill level 13 in Axes
  7661 | D:9      | Noticed Erolcha
  7674 | D:9      | Killed Erolcha
  7675 | D:9      | Reached skill level 10 in Fighting
  7851 | D:9      | Noticed a two-headed ogre
  8085 | D:9      | Killed a two-headed ogre
  8086 | D:9      | Reached skill level 14 in Axes
  8371 | D:9      | Found a staircase to the Lair.
  8535 | D:9      | Noticed Joseph
  8541 | D:9      | Reached XP level 11. HP: 59/101 MP: 16/16
  8550 | D:9      | Killed Joseph
  8903 | D:13     | Identified the "Ziannesm"
  8903 | Lair:1   | Entered Level 1 of the Lair of Beasts
  8930 | Lair:1   | You fall into a shaft and drop 1 floor!
  8942 | Lair:2   | Found a staircase to the Snake Pit.
  9086 | Lair:2   | Reached skill level 15 in Axes
  9126 | Lair:2   | Noticed a boulder beetle
  9346 | Lair:2   | Reached skill level 16 in Axes
  9666 | Lair:1   | Reached XP level 12. HP: 98/112 MP: 18/18
  9943 | Lair:1   | Reached skill level 10 in Invocations
 10529 | D:8      | Bought a potion of curing for 42 gold pieces
 10529 | D:8      | Bought a potion of curing for 42 gold pieces
 10615 | Lair:2   | Reached skill level 17 in Axes
 11238 | Lair:2   | Killed a boulder beetle
 11669 | Lair:3   | Reached skill level 18 in Axes
 11888 | Lair:3   | Found a staircase to the Swamp.
 11889 | Lair:3   | Noticed Rupert
 11901 | Lair:3   | Killed Rupert
 11902 | Lair:3   | Reached XP level 13. HP: 93/123 MP: 20/20
 13098 | Lair:4   | Reached skill level 19 in Axes
 14296 | Lair:5   | Entered Level 5 of the Lair of Beasts
 14906 | Abyss:3  | Identified the "Nisor"
 14906 | Abyss:3  | Found a corrupted altar of Lugonu.
 14906 | Abyss:3  | Cast into level 3 of the Abyss (an occultist)
 14989 | Abyss:3  | Reached skill level 5 in Armour
 15069 | Abyss:3  | Reached skill level 5 in Shields
 15112 | Abyss:3  | Noticed a starcursed mass
 15120 | Abyss:3  | Killed a starcursed mass
 15142 | Abyss:3  | HP: 1/125 [large abomination (25)]
 15143 | Abyss:3  | Killed from afar by a smoke demon

Illustrated notes

Levels and vault maps discovered:
D:1:      lightli_arrival_maybe_door_vault, layout_loops_corners,
          grunt_decor_fettered
D:2:      layout_rooms, basic_altar
D:3:      layout_rooms, nicolae_overflow_quartered_altars,
          hellmonk_ecumenical_altar_defaced_shrine, uniq_ijyb
D:4:      layout_basic, mainiacjoe_overflow_tiny_flanked, serial_shops,
          nicolae_stop_n_shop_2, portal_sewer_entry_d, roderic_nine_men_s_morris
D:5:      layout_basic, minmay_temple_entry_proselytizer, serial_shops, shop,
          ebering_ghost_inner_flame
D:6:      cheibrodos_barr_body, layout_basic, kennysheep_generic_room_10
D:7:      nicolae_BIG_FREAKIN_CUBE, layout_basic, minmay_unpleasant_kobolds
D:8:      layout_gridville, mainiacjoe_overflow_catwalk, serial_shops,
          nicolae_shop_crystal, hangedman_decor_clover_reticule, uniq_amaemon,
          uniq_jeremiah
D:9:      layout_roguey, erik_lair_island, minmay_orc_keep, uniq_erolcha,
          uniq_joseph
Temple:   nicolae_temple_x_marks_the_god
Lair:1:   layout_roguey, grunt_megastairs_3, serial_bayou_shore_b,
          serial_bayou_shore_b
Lair:2:   layout_misc_corridors, guppyfry_snake_entry_garden, special_room
          [special_room_bee], chequers_serial_rivers_large_b,
          serial_bayou_shore_b
Lair:3:   layout_chaotic_city, skrybe_swamp_entry_bodies, uniq_rupert
Lair:4:   dreamdust_isle_of_ice, layout_gridlike, minivault_24,
          minmay_hedge_maze, grunt_forest_large_clearings,
          infiniplex_staircase_pool
Lair:5:   evil_forest, layout_cave_pods, slime_entry_1, hibernation_bobbens,
          infiniplex_staircase_pool_2, grunt_megastairs_4, lemuel_fruit_fields
Abyss:3:  base: D:14, kilobyte_mutagenic_chamber, hangedman_decor_peaks_small

Skill      XL: |  1  2  3  4  5  6  7  8  9 10 11 12 13 |
---------------+----------------------------------------+-----
Axes           | 3 4 5 6 8 10 12 14 16 18 19 | 19.9
Fighting       | 4 5 6 7 9 10 12 13 14 | 14.8
Armour         | 4 5 |  5.4
Shields        | 4 5 |  5.3
Invocations    | 1 2 3 4 5 7 8 9 11 12 | 12.0

Action                     |  1- 3 |  4- 6 |  7- 9 | 10-12 | 13-15 || total
---------------------------+-------+-------+-------+-------+-------++-------
  Melee: War axe           |    91 |   162 |   182 |   357 |   142 ||   934
         Headbutt          |    11 |    20 |    35 |    63 |    46 ||   175
  Throw: Dart              |       |       |       |       |     3 ||     3
 Invoke: Stomp             |       |       |       |     2 |     1 ||     3
         Line Pass         |       |       |       |       |     1 ||     1
    Use: Scroll            |       |     9 |     7 |     3 |     3 ||    22
         Potion            |       |       |     2 |     9 |     6 ||    17
   Stab: Paralysed         |       |     1 |    22 |    38 |    36 ||    97
         Invisible         |       |       |       |       |     8 ||     8
 Armour: Scale mail        |    64 |   126 |    39 |       |       ||   229
         Chain mail        |       |       |    60 |    93 |       ||   153
         Plate armour      |       |       |       |   153 |   185 ||   338
  Dodge: Dodged            |    33 |    64 |    66 |   156 |    55 ||   374
  Block: Buckler           |    21 |    32 |    38 |    52 |    24 ||   167

Table legend: (Time is in decaauts)
 A = Elapsed time spent in this place.
 B = Non-inter-level travel time spent in this place.
 C = Inter-level travel time spent in this place.
 D = Time resting spent in this place.
 E = Time spent auto-exploring this place.
 F = Levels seen in this place.
 G = Mean time per level.
                   A        B        C        D        E       F      G
               +--------+--------+--------+--------+--------+-----+--------+
         Total |  15297 |  14559 |    738 |   2820 |   9022 |  17 |  899.8 |
       Dungeon |   8716 |   8105 |    611 |    773 |   5812 |   9 |  968.4 |
        Temple |      1 |      1 |      0 |      0 |      0 |   1 |    1.0 |
          Lair |   5891 |   5764 |    127 |   1945 |   3065 |   5 | 1178.2 |
         Abyss |    228 |    228 |      0 |     90 |     28 |   1 |  228.0 |
         Sewer |    459 |    459 |      0 |     12 |    117 |   1 |  459.0 |
               +--------+--------+--------+--------+--------+-----+--------+

Top non-repeatable levels by time:
  Lair:4: 1725 daAuts
  Lair:2: 1376 daAuts
     D:5: 1369 daAuts
     D:7: 1199 daAuts
     D:8: 1199 daAuts
     D:9: 1167 daAuts
  Lair:1: 1098 daAuts
  Lair:3: 1094 daAuts
     D:6: 948 daAuts
     D:1: 819 daAuts
     D:4: 796 daAuts
     D:2: 627 daAuts
  Lair:5: 596 daAuts
     D:3: 589 daAuts
   Sewer: 459 daAuts
